 Dungeon Crawl Stone Soup version 0.28.0-49-g6dfe1f597d (webtiles) character file.

Game seed: 10728694085508629106

3126 Eitelfritz the Carver (level 9, -2/68 HPs)
             Began as a Demonspawn Gladiator on May 11, 2022.
             Was an Initiate of Makhleb.
             Slain by a vampire
             ... wielding a +0 glaive
              (19 damage)
             ... in a bailey.
             The game lasted 00:17:17 (7026 turns).

Eitelfritz the Carver (Demonspawn Gladiator)        Turns: 7026, Time: 00:17:18

Health: -2/68      AC: 10    Str: 17    XL:     9   Next: 61%
Magic:  11/11      EV: 17    Int: 11    God:    Makhleb [......]
Gold:   301        SH:  0    Dex: 15    Spells: 8/8 levels left

rFire   . . .      SeeInvis +   a - +1 scimitar
rCold   . . .      Faith    .   (no shield)
rNeg    . . .      Spirit   .   w - +3 ring mail {rPois}
rPois   +          Reflect  .   c - +0 helmet
rElec   .          Harm     .   k - scarf {shadows}
rCorr   .          Rampage  .   (no gloves)
Will    .....                   (no boots)
Stlth   ..........              y - amulet of regeneration
HPRegen 1.01/turn               H - ring of see invisible
MPRegen 0.12/turn               p - +4 ring of evasion

@: confused
A: ignite blood 1, weakness stinger 2, demonic touch 1
a: Renounce Religion


You were in a bailey.
You worshipped Makhleb.
Makhleb was noncommittal.
You visited 2 branches of the dungeon, and saw 8 of its levels.
You also visited: Ossuary and Bailey.

You collected 301 gold pieces.

Inventory:

Hand Weapons
 a - a +1 scimitar (weapon)
 b - a +0 arbalest
 F - a +0 long sword
Missiles
 d - 3 throwing nets (quivered)
 e - 5 curare-tipped darts
 f - 30 bolts
 D - 8 poisoned darts
Armour
 c - a +0 helmet (worn)
 k - a scarf of shadows (worn)
 o - a +0 chain mail
 w - a +3 ring mail of poison resistance (worn)
Jewellery
 p - a +4 ring of evasion (right hand)
 q - an amulet of magic regeneration
 r - a ring of resist corrosion
 y - an amulet of regeneration (around neck)
 H - a ring of see invisible (left hand)
Wands
 m - a wand of flame (8)
 n - a wand of digging (7)
 E - a wand of iceblast (4)
 G - a wand of mindburst (9)
Scrolls
 g - 2 scrolls of fear
 x - a scroll of teleportation
 A - a scroll of fog
 C - a scroll of silence
 I - a scroll of magic mapping
Potions
 h - a potion of resistance
 l - 2 potions of lignification
 t - a potion of brilliance
 u - a potion of mutation
 v - 2 potions of haste
 z - a potion of invisibility {unknown}
 B - a potion of flight {unknown}


   Skills:
 + Level 5.0 Fighting
 + Level 8.1 Long Blades
 + Level 1.8 Throwing
 + Level 4.3 Armour
 + Level 4.9 Dodging
 + Level 1.6 Stealth
 * Level 5.1 Unarmed Combat
 * Level 3.0 Invocations
 + Level 0.2 Evocations


You had 8 spell levels left.
You didn't know any spells.
Your spell library contained the following spells:

 Spells                   Type           Power      Damage    Failure   Level
 Dazzling Flash           Conj/Hex       0%         N/A       88%         3
 Iskenderun's Mystic Bla  Conj/Tloc      0%         2d3       99%         4
 Starburst                Conj/Fire      0%         6d3       100%        6


Dungeon Overview and Level Annotations

Branches:
Dungeon (7/15)             Temple (1/1) D:6         Ossuary (visited)
 Bailey (1/1)

Altars:
Ashenzari
Cheibriados
Dithmenos
Elyvilon
Fedhas
Gozag
Hepliaklqana
Kikubaaqudgha
Makhleb
Okawaru
Sif Muna
Uskayaw
Vehumet
Yredelemnul
Zin
The Shining One

Shops:
D:4 [


Innate Abilities, Weirdness & Mutations

Your demonic aura sometimes causes spilled blood to erupt in flames.
You have a tail ending in a sharp stinger.
Your touch may inflict minor irresistible damage on your foes.


Message History

Things that are here:
a +0 glaive; a +0 chain mail
Found 2 potions of brilliance.
The vampire hits you from afar with a +0 glaive!
You see here a +1 vorpal shortbow.
The vampire hits you with a +0 glaive! The vampire bites you.
The vampire draws strength from your injuries!
You see here the +3 hand crossbow "Vodijuk" {freeze, Str+5}.
You slash the vampire!
Your tail-slap misses the vampire.
The vampire is moderately damaged.
The vampire misses you.
The vampire bites you but does no damage.
You hit the vampire but do no damage. You tail-slap the vampire.
The vampire is heavily damaged.
The vampire hits you with a +0 glaive! The vampire bites you!
The vampire draws strength from your injuries!
You barely miss the vampire.
You tail-slap the vampire, but do no damage.
You touch the vampire.
The vampire is heavily damaged.
The vampire draws life force from you!
* * * LOW HITPOINT WARNING * * *
The vampire is healed by the life force!
You hit the vampire.
Your tail-slap misses the vampire.
Your touch misses the vampire.
The vampire is heavily damaged.
The vampire completely misses you. The vampire barely misses you.
You hit the vampire.
The vampire is severely damaged.
The vampire misses you. The vampire barely misses you.
You hit the vampire.
The vampire is severely damaged.
The vampire casts a spell.
The vampire flickers and vanishes for a moment.
You hit the vampire but do no damage. Your punch misses the vampire.
The vampire is severely damaged.
The vampire gestures at you while chanting.
You are confused.
You bump into the stone wall.
The vampire hits you with a +0 glaive!!
You die...

#####
##8...######
##!.....##.8#
#.!.##...#..#
#V.# #..'..#
#@.####..'..#
#.).##)..#..#
##!.)...##..#
.
##....##...#
.
######....##
. #8....).##
..
#...##...##..
#.)##....#...
#..#....##...


You could see a vampire (invisible).

Vanquished Creatures
  A gargoyle (Bailey)
  Grinder (D:5)
  2 vampires (Bailey)
  A wraith (Ossuary)
  An orc warrior (D:6)
  A black bear (D:6)
  2 ogres (D:6)
  A kobold brigand (D:6)
  5 scorpions
  A water moccasin zombie (D:5)
  2 wyvern skeletons
  8 vampire bats (Bailey)
  3 hounds
  4 orc priests
  A bullfrog skeleton (D:5)
  6 iguanas
  Terence (D:2)
  8 orc wizards
  A scorpion zombie (D:3)
  A killer bee zombie (D:5)
  3 mummies (Ossuary)
  A howler monkey zombie (D:3)
  A howler monkey skeleton (D:5)
  10 adders
  An ufetubus (D:5)
  An adder zombie (D:3)
  3 worms
  3 dart slugs
  26 orcs
  9 ball pythons
  9 bats
  7 endoplasms
  A giant cockroach (D:2)
  9 goblins
  7 hobgoblins
  6 jackals
  10 kobolds
  2 quokkas (D:1)
  4 frilled lizards
  4 goblin zombies (Ossuary)
  2 hobgoblin zombies (Ossuary)
  2 kobold zombies (Ossuary)
  8 orc zombies (Bailey)
  A quokka zombie (D:3)
  8 rats
189 creatures vanquished.

Notes
Turn   | Place    | Note
-------+----------+-------------------------------------------
     0 | D:1      | Eitelfritz the Demonspawn Gladiator began the quest for the
                  | Orb.
     0 | D:1      | Reached XP level 1. HP: 16/16 MP: 1/1
    52 | D:1      | Reached skill level 3 in Long Blades
    52 | D:1      | Discovered your monstrous ancestry.
    52 | D:1      | Gained mutation: You have a small tail. [demonic ancestry]
    52 | D:1      | Reached XP level 2. HP: 16/22 MP: 2/2
   504 | D:1      | Gained mutation: Your touch may inflict minor irresistible
                  | damage on your foes. [demonic ancestry]
   504 | D:1      | Reached XP level 3. HP: 18/27 MP: 3/3
  1162 | D:2      | Reached skill level 1 in Armour
  1162 | D:2      | Gained mutation: Your demonic aura sometimes causes spilled
                  | blood to erupt in flames. [demonic ancestry]
  1162 | D:2      | Reached XP level 4. HP: 18/33 MP: 4/4
  1333 | D:2      | Noticed Terence
  1346 | D:2      | Killed Terence
  1633 | D:2      | Reached skill level 1 in Unarmed Combat
  2140 | D:3      | Reached XP level 5. HP: 39/39 MP: 5/5
  2247 | D:3      | Found a basalt altar of Yredelemnul.
  2413 | D:3      | Reached skill level 4 in Long Blades
  2861 | D:3      | Reached skill level 1 in Stealth
  3010 | D:3      | Found a faded altar of an unknown god.
  3236 | D:4      | Reached XP level 6. HP: 39/46 MP: 6/6
  3442 | D:4      | Found a blossoming altar of Fedhas.
  3454 | D:4      | Found a sand-covered staircase.
  3473 | Ossuary  | Entered an ossuary
  3473 | Ossuary  | Noticed a wraith
  3473 | Ossuary  | Noticed a wraith
  3631 | Ossuary  | Noticed a wraith
  3636 | Ossuary  | Killed a wraith
  3637 | Ossuary  | Reached skill level 5 in Long Blades
  3637 | Ossuary  | Reached XP level 7. HP: 28/52 MP: 7/7
  4214 | Ossuary  | Noticed a wraith
  4251 | D:4      | Found Zeront's Antique Armour Shoppe.
  4457 | D:5      | Entered Level 5 of the Dungeon
  4680 | D:5      | Noticed Grinder
  4687 | D:5      | Killed Grinder
  4755 | D:5      | Reached skill level 6 in Long Blades
  4755 | D:5      | Reached XP level 8. HP: 50/58 MP: 8/8
  5142 | D:5      | Found an iron altar of Okawaru.
  5814 | D:6      | Found an opulent altar of Gozag.
  5991 | D:6      | Reached skill level 7 in Long Blades
  6045 | D:6      | Found a staircase to the Ecumenical Temple.
  6058 | D:6      | Gained mutation: You have a tail ending in a sharp stinger.
                  | [demonic ancestry]
  6058 | D:6      | Reached XP level 9. HP: 25/66 MP: 9/9
  6566 | Temple   | Entered the Ecumenical Temple
  6644 | Temple   | Became a worshipper of Makhleb the Destroyer
  6723 | D:7      | Found a flagged portal.
  6742 | Bailey   | Entered a bailey
  6849 | Bailey   | Reached skill level 1 in Invocations
  6912 | Bailey   | Noticed a gargoyle
  6918 | Bailey   | Killed a gargoyle
  6919 | Bailey   | Reached skill level 5 in Unarmed Combat
  6942 | Bailey   | Reached skill level 8 in Long Blades
  6965 | Bailey   | Reached skill level 5 in Fighting
  7018 | Bailey   | Identified the +3 hand crossbow "Vodijuk" {freeze, Str+5}
  7026 | Bailey   | Slain by a vampire

Illustrated notes

Levels and vault maps discovered:
D:1:      eino_arrival_tree_alley, layout_rooms
D:2:      layout_basic, basic_altar, grunt_ministairs_12, uniq_terence
D:3:      layout_loops_cross, nicolae_yredelemnul_corpse_copse,
          mainiacjoe_overflow_brackets, shapermc_ecumenical_altar_ellora
D:4:      layout_rooms, fedhas_altar_1, enter_ossuary_1, serial_shops,
          nicolae_shop_behind_doors
D:5:      minmay_recursive_quarters, layout_basic, okawaru_gym_becter,
          uniq_grinder
D:6:      layout_rooms, grunt_gozag_breadcrumbs, temple_doors_e
D:7:      layout_basic, nicolae_qazlal_eye_of_the_storm, enter_bailey_4,
          minmay_splitting_lines
Temple:   cyrus_temple_forest
Bailey:   bailey_polearm_vampire_castle_hellmonk, bailey

Skill      XL: |  1  2  3  4  5  6  7  8  9 |
---------------+----------------------------+-----
Long Blades    | 3 4 5 6 7 8 |  8.1
Dodging        | 3 4 |  4.9
Armour         | 1 2 3 4 |  4.3
Unarmed Combat | 1 2 3 4 5 |  5.1
Stealth        | 1 |  1.6
Fighting       | 3 4 5 |  5.0
Invocations    | 3 |  3.0
Throwing       | |  1.8
Evocations     | |  0.2

Action                   |  1- 3 |  4- 6 |  7- 9 || total
-------------------------+-------+-------+-------++-------
Melee: Long sword        |    99 |    85 |       ||   184
       Tailslap          |     8 |    23 |    41 ||    72
       Touch             |     9 |    27 |    64 ||   100
       Scimitar          |       |    47 |   284 ||   331
       Punch             |       |     1 |    11 ||    12
Evoke: Wand              |       |       |     4 ||     4
  Use: Scroll            |       |     7 |    12 ||    19
       Potion            |       |       |     4 ||     4
 Stab: Sleeping          |     3 |     2 |     1 ||     6
Armor: Leather armour    |    50 |     7 |       ||    57
       Ring mail         |       |    27 |   135 ||   162
Dodge: Dodged            |    79 |    66 |   304 ||   449
